 Dungeon Crawl Stone Soup version 0.27-a0-538-g15ff5c5295 (webtiles) character file.

Game seed: 797236131835192060

0 sahdkjhfkaj the Sneak (level 1, -3/18 HPs)
             Began as a Merfolk Delver on Mar 7, 2021.
             Slain by a bullfrog zombie (6 damage)
             ... on level 5 of the Dungeon.
             The game lasted 00:00:38 (27 turns).

sahdkjhfkaj the Sneak (Merfolk Delver)                Turns: 27, Time: 00:00:39

Health: -3/18      AC:  3    Str: 12    XL:     1   Next: 0%
Magic:  1/1        EV: 12    Int:  9    God:
Gold:   0          SH:  0    Dex: 15    Spells: 0/0 levels left

rFire    . . .     SeeInvis .   a - +0 spear
rCold    . . .     Faith    .   (no shield)
rNeg     . . .     Spirit   .   b - +0 leather armour
rPois    .         Reflect  .   (no helmet)
rElec    .         Harm     .   (no cloak)
rCorr    .         Rampage  .   (no gloves)
Will     .....                  (no boots)
Stlth    +++.......             (no amulet)
HPRegen  0.06/turn              (no ring)
MPRegen  0.07/turn              (no ring)

@: no status effects
A: change form in water, amphibious, nimble swimmer 2
a: no special abilities


You were on level 5 of the Dungeon.
You visited 1 branch of the dungeon, and saw 1 of its levels.

Inventory:

Hand Weapons
 a - a +0 spear (weapon)
Armour
 b - a +0 leather armour (worn)
Wands
 g - a wand of digging (3)
Scrolls
 c - a scroll of fog
 d - a scroll of magic mapping
 e - a scroll of fear
Potions
 f - a potion of haste


   Skills:
 - Level 3.2 Fighting
 + Level 3.0 Polearms
 - Level 2.6 Dodging
 - Level 5.4 Stealth


You couldn't memorise any spells.
You didn't know any spells.
Your spell library was empty.

Dungeon Overview and Level Annotations

Branches:
Dungeon (5/15)
 Temple: D:4-7

Altars:


Innate Abilities, Weirdness & Mutations

You revert to your normal form in water.
You are amphibious.
You are quick and stealthy while swimming. (Stealth+, EV+, Speed+++)


Message History

The bullfrog zombie is lightly damaged.
The bullfrog zombie completely misses you.
You hit the bullfrog zombie.
The bullfrog zombie is lightly damaged.
The bullfrog zombie hits you but does no damage.
You hit the bullfrog zombie.
The bullfrog zombie is moderately damaged.
The bullfrog zombie hits you. The bullfrog zombie barely misses you.
You closely miss the bullfrog zombie.
The bullfrog zombie is moderately damaged.
The bullfrog zombie hits you but does no damage.
You hit the bullfrog zombie.
The bullfrog zombie is moderately damaged.
The bullfrog zombie closely misses you.
You hit the bullfrog zombie.
The bullfrog zombie is heavily damaged.
The bullfrog zombie hits you.
You closely miss the bullfrog zombie.
The bullfrog zombie is heavily damaged.
The bullfrog zombie hits you but does no damage.
The bullfrog zombie barely misses you.
You hit the bullfrog zombie but do no damage.
The bullfrog zombie is heavily damaged.
The bullfrog zombie hits you.
You barely miss the bullfrog zombie.
The bullfrog zombie is heavily damaged.
The bullfrog zombie hits you.
You hit the bullfrog zombie.
The bullfrog zombie is severely damaged.
The bullfrog zombie hits you.
* * * LOW HITPOINT WARNING * * *
You are too injured to fight recklessly!
You completely miss the bullfrog zombie.
The bullfrog zombie is severely damaged.
The bullfrog zombie hits you.
* * * LOW HITPOINT WARNING * * *
You closely miss the bullfrog zombie.
The bullfrog zombie is severely damaged.
The bullfrog zombie hits you.
You die...

#.. #.. ..# #.#
#..#.# #..#.# #..#Z#
######..#@#
........#.##########
........#.##l≈≈≈≈..#
........#..#######P#
#######...........#.#
#........#..#######≈#
.#####.#####.≈.P≈.≈#
#.........#########
###.####..#


You could see a bullfrog zombie.

Vanquished Creatures (others)
  5 fungi (D:5)
5 creatures vanquished.

Notes
Turn   | Place    | Note
-------+----------+-------------------------------------------
     0 | D:5      | sahdkjhfkaj the Merfolk Delver began the quest for the Orb.
     0 | D:5      | Reached XP level 1. HP: 18/18 MP: 1/1
    27 | D:5      | Slain by a bullfrog zombie

Illustrated notes

Levels and vault maps discovered:
D:5:      layout_basic, minmay_temple_entry_fiery, serial_shops, shop,
          serial_aquarium, aquarium_bridge_square [aquarium_subvault_wall,
          aquarium_subvault_bridge, aquarium_subvault_wall,
          aquarium_subvault_window], aquarium_bridge_long_joined
          [aquarium_subvault_window, aquarium_subvault_wall,
          aquarium_subvault_window, aquarium_subvault_wall,
          aquarium_subvault_bridge, aquarium_subvault_bridge],
          aquarium_window_1, aquarium_window_fake, aquarium_window_corner,
          aquarium_window_fake, aquarium_view_2c, aquarium_balcony_3b,
          gammafunk_ghost_hive, uniq_pikel, uniq_duvessa

Action                   || total
-------------------------++-------
Melee: Spear             ||    12
Armor: Leather armour    ||     3
Dodge: Dodged            ||     4

Table legend: (Time is in decaauts)
 A = Elapsed time spent in this place.
 B = Non-inter-level travel time spent in this place.
 C = Inter-level travel time spent in this place.
 D = Time resting spent in this place.
 E = Time spent auto-exploring this place.
 F = Levels seen in this place.
 G = Mean time per level.
                   A        B        C        D        E       F      G
               +--------+--------+--------+--------+--------+-----+--------+
         Total |     26 |     26 |      0 |      0 |     13 |   1 |   26.0 |
       Dungeon |     26 |     26 |      0 |      0 |     13 |   1 |   26.0 |
               +--------+--------+--------+--------+--------+-----+--------+

Top non-repeatable levels by time:
     D:5: 26 daAuts
